 Dungeon Crawl Stone Soup version 0.30-a0-723-gc1506a1cf0 (webtiles) character file.

Game seed: 896885668598565185

3682 bande the Cleaver (level 10, -1/61 HPs)
             Began as a Gargoyle Fighter on Jan 29, 2023.
             Slain by a tengu warrior
             ... wielding a +3 long sword
              (6 damage)
             ... on level 8 of the Dungeon.
             The game lasted 00:14:59 (9209 turns).

bande the Cleaver (Gargoyle Fighter)                Turns: 9209, Time: 00:14:59

Health: -1/61      AC: 24    Str: 21    XL:     10   Next: 13%
Magic:  10/10      EV:  7    Int:  8    God:
Gold:   2361       SH:  6    Dex: 13    Spells: 9/9 levels left

rFire   + . .      SeeInvis .    a - +1 war axe (venom)
rCold   + . .      Faith    .    c - +1 buckler
rNeg    + . .      Spirit   .    A - +4 chain mail {rC+}
rPois   ∞          Reflect  .    t - +2 helmet
rElec   +          Harm     .    (no cloak)
rCorr   +          Rampage  .    (no gloves)
Will    .....                    (no boots) Stlth
                                 (no amulet)
HPRegen 0.30/turn                n - ring of protection from fire
MPRegen 0.12/turn                u - ring of resist corrosion

@: mighty
A: sickness immunity, AC +7, negative energy resistance 1, electricity
resistance, torment resistance 1, petrification resistance
a: no special abilities


You were on level 8 of the Dungeon.
You visited 2 branches of the dungeon, and saw 9 of its levels.
You also visited: Sewer and Ossuary.

You collected 2361 gold pieces.

Inventory:

Hand Weapons
 a - a +1 war axe of venom (weapon)
 p - a +0 war axe
 s - a +5 flail of freezing
Armour
 c - a +1 buckler (worn)
 t - a +2 helmet (worn)
 A - a +4 chain mail of cold resistance (worn)
Jewellery
 n - a ring of protection from fire (left hand)
 r - a ring of magical power
 u - a ring of resist corrosion (right hand)
 y - a ring of flight
Wands
 m - a wand of mindburst (9)
 v - a wand of flame (22)
 z - a wand of roots (6)
 B - a wand of charming (5)
Scrolls
 f - a scroll of brand weapon
 g - 7 scrolls of teleportation
 h - 4 scrolls of identify
 j - 3 scrolls of enchant weapon
Potions
 d - a potion of might
 e - 2 potions of invisibility
 i - 2 potions of curing
 k - a potion of resistance
 l - 2 potions of brilliance
 o - 3 potions of heal wounds
 q - 2 potions of ambrosia
 w - 6 potions of flight
 x - 2 potions of mutation


   Skills:
 + Level 6.5 Fighting
 + Level 9.3 Axes
 + Level 6.7 Armour
 - Level 1.0 Stealth
 + Level 5.6 Shields
 * Level 4.7 Evocations


You had 9 spell levels left.
You didn't know any spells.
Your spell library contained the following spells:

 Spells                   Type           Power      Damage    Failure   Level
 Sting                    Tmut/Pois      0%         1d3       99%         1
 Poisonous Vapours        Pois/Air       0%         N/A       100%        2
 Animate Dead             Necr           0%         N/A       100%        4
 Olgreb's Toxic Radiance  Pois           0%         N/A       100%        4
 Borgnjor's Vile Clutch   Necr/Erth      0%         N/A       100%        5
 Death Channel            Necr           0%         N/A       100%        6


Dungeon Overview and Level Annotations

Branches:
Dungeon (8/15)             Temple (1/1) D:6           Sewer (visited)
Ossuary (visited)
   Lair: D:8-11

Altars:
Ashenzari
Cheibriados
Dithmenos
Elyvilon
Fedhas
Gozag
Hepliaklqana
Kikubaaqudgha
Makhleb
Nemelex Xobeh
Qazlal
Ru
Sif Muna
Trog
Uskayaw
Vehumet
Wu Jian
Xom
Yredelemnul
Zin
The Shining One

Annotations:
D:8 1 transporter


Innate Abilities, Weirdness & Mutations

You are immune to sickness and miasma.
Your stone body is resilient. (AC +7)
You are immune to poison.
You resist negative energy. (rN+)
You are resistant to electric shocks. (rElec)
You are resistant to unholy torment.
You are immune to petrification.


Message History

The manticore bites you but does no damage.
The manticore claws you but does no damage.
The manticore claws you!
Unknown command.
You closely miss the tengu warrior. You slash the gargoyle!
You closely miss the manticore. You slash the tengu warrior!
The tengu warrior is poisoned.
You block the tengu warrior's attack.
The tengu warrior pecks you but does no damage.
The tengu warrior claws you but does no damage.
The manticore bites you but does no damage.
You block the manticore's attack.
The manticore claws you but does no damage.
The gargoyle hurls a stone arrow at you.
The stone arrow hits you!
* * * LOW HITPOINT WARNING * * *
The basilisk gazes at you.
You are unaffected.
You closely miss the tengu warrior. The tengu warrior blocks your attack.
You hit the gargoyle but do no damage. You hit the manticore.
The manticore looks as sick as possible!
The tengu warrior barely misses you.
The tengu warrior pecks you but does no damage.
The tengu warrior barely misses you.
The tengu warrior hits you but does no damage.
The tengu warrior pecks you but does no damage.
The tengu warrior claws you but does no damage.
The manticore bites you!
* * * LOW HITPOINT WARNING * * *
The manticore claws you but does no damage.
The manticore barely misses you. The gargoyle barely misses you.
Unknown command.
You slash the tengu warrior!
The tengu warrior is poisoned.
The tengu warrior is moderately wounded.
You hit the two-headed ogre but do no damage.
You slash the basilisk!
The basilisk is poisoned.
You slash the gargoyle! You slash the manticore!
The manticore looks as sick as possible!
You barely miss the tengu warrior.
The tengu warrior hits you with a +3 long sword.
You die...

#.############.#
#.......##
#...>..........# #.......#
############...######+#.##
##.....©.....##.#.#
#..#########..#...#
#.##8[}©}!8##.#####
#.#..$$=$$..#.#
#.#.lH......#.#
#.#.@QZ.....#.#
#.#O9Q......#.#
#.#.........#.#
#.#....©....#.#
#.#.........#.# ##
#.##8.....8##.# #.
#..#########..# #.
##..)..©.....## #.
#####...##### #.


You could see 2 tengu warriors, a two-headed ogre, a manticore (extremely
poisoned), a basilisk (very poisoned), a gargoyle and a killer bee simulacrum.

Vanquished Creatures
  Sigmund (D:5)
  2 steam dragons (D:8)
  An acid dragon (D:8)
  A water moccasin (D:8)
  Edmund (D:4)
  2 orc warriors (D:8)
  2 sky beasts
  4 ogres
  3 centaurs
  A bullfrog (D:8)
  3 scorpions
  11 wights (D:7)
  4 killer bees (D:8)
  A howler monkey (D:6)
  2 hounds
  2 orc priests (D:5)
  A gnoll bouda (D:7)
  3 jellies
  3 iguanas
  2 orc wizards (D:5)
  8 mummies (Ossuary)
  7 gnolls
  3 river rats (Sewer)
  16 adders
  A shadow imp (D:7)
  2 white imps (D:7)
  2 worms
  2 dart slugs
  39 orcs
  15 ball pythons
  5 endoplasms
  12 giant cockroaches
  7 goblins
  4 hobgoblins
  3 jackals
  8 quokkas
  11 bats
  6 frilled lizards
  A goblin zombie (D:5)
  2 hobgoblin zombies (Ossuary)
  4 kobolds
  2 kobold zombies (Ossuary)
  4 orc zombies (Ossuary)
  A quokka zombie (D:5)
  8 rats
223 creatures vanquished.

Vanquished Creatures (others)
  3 plants (D:3)
3 creatures vanquished.

Grand Total: 226 creatures vanquished

Notes
Turn   | Place    | Note
-------+----------+-------------------------------------------
     0 | D:1      | bande the Gargoyle Fighter began the quest for the Orb.
     0 | D:1      | Reached XP level 1. HP: 14/14 MP: 1/1
    30 | D:1      | Reached XP level 2. HP: 19/19 MP: 2/2
   114 | D:1      | Found a faded altar of an unknown god.
   217 | D:1      | Reached skill level 2 in Axes
   301 | D:1      | Reached XP level 3. HP: 24/24 MP: 3/3
   591 | D:2      | Reached XP level 4. HP: 29/29 MP: 4/4
   995 | D:2      | Reached skill level 3 in Axes
  1199 | D:2      | Reached skill level 1 in Stealth
  1609 | D:3      | Reached XP level 5. HP: 33/33 MP: 5/5
  1966 | D:3      | Found a burning altar of Makhleb.
  2029 | D:3      | Found a hide-covered altar of Uskayaw.
  2379 | D:4      | Noticed Edmund
  2394 | D:4      | HP: 1/33 [Edmund/+2 flail of protection (1)]
  2396 | D:4      | Killed Edmund
  2397 | D:4      | Reached skill level 4 in Axes
  2397 | D:4      | Reached XP level 6. HP: 2/38 MP: 6/6
  3144 | D:5      | Entered Level 5 of the Dungeon
  3155 | D:5      | Identified 2 scrolls of acquirement
  3155 | D:5      | Acquired 828 gold pieces
  3157 | D:5      | Acquired 929 gold pieces
  3213 | D:5      | Found a sand-covered staircase.
  3221 | Ossuary  | Entered an ossuary
  3304 | Ossuary  | Reached skill level 5 in Axes
  3304 | Ossuary  | Reached XP level 7. HP: 37/44 MP: 7/7
  3739 | D:5      | Found a blossoming altar of Fedhas.
  3790 | D:5      | Found a sparkling altar of Nemelex Xobeh.
  3801 | D:5      | Reached skill level 1 in Evocations
  3886 | D:5      | Reached skill level 6 in Axes
  3898 | D:5      | Reached XP level 8. HP: 32/48 MP: 8/8
  4050 | D:5      | Noticed Sigmund
  4064 | D:5      | Killed Sigmund
  4065 | D:5      | Reached skill level 5 in Fighting
  4408 | D:6      | Found a glowing drain.
  4425 | Sewer    | Entered a sewer
  5190 | D:6      | Found a snail-covered altar of Cheibriados.
  5225 | D:6      | Found a staircase to the Ecumenical Temple.
  5233 | Temple   | Entered the Ecumenical Temple
  5352 | D:6      | Reached skill level 7 in Axes
  5352 | D:6      | Reached skill level 5 in Armour
  5458 | D:6      | Found a broken altar of Ashenzari.
  6187 | D:7      | Reached XP level 9. HP: 29/54 MP: 9/9
  6292 | D:7      | Found a shimmering blue altar of Sif Muna.
  6402 | D:7      | Reached skill level 5 in Shields
  6811 | D:7      | Reached skill level 8 in Axes
  7299 | D:7      | Found a radiant altar of Vehumet.
  7299 | D:7      | Found a shimmering altar of Xom.
  8112 | D:8      | Reached skill level 9 in Axes
  8119 | D:8      | Reached XP level 10. HP: 34/61 MP: 10/10
  8379 | D:8      | Found a transporter.
  8379 | D:8      | Noticed a two-headed ogre
  8380 | D:8      | Noticed a tengu warrior
  8382 | D:8      | Noticed a gargoyle
  8382 | D:8      | Noticed a manticore
  8382 | D:8      | Noticed a tengu warrior
  8389 | D:8      | Found a transporter.
  9209 | D:8      | Slain by a tengu warrior

Illustrated notes

Levels and vault maps discovered:
D:1:      tekkud_arrival_beachfront_property, layout_rooms,
          shapermc_ecumenical_altar_mp_highgroup
D:2:      layout_rooms
D:3:      layout_loops_cross, nicolae_uskayaw_suspiria, bloody_makhleb,
          nrook_campfire, roderic_lattice_a, nicolae_grassy_gnolls
D:4:      layout_basic, uniq_edmund
D:5:      layout_rooms, mainiacjoe_overflow_brackets,
          mainiacjoe_overflow_24_doors, enter_ossuary_4, uniq_sigmund
D:6:      layout_basic, ashenzari_altar_1, old_standard_altar, temple_statues,
          gup_sewer_entry_pipe, chequers_jeans, kennysheep_generic_room_10
D:7:      layout_gridville, kennysheep_little_box,
          gammafunk_temple_overflow_wave
D:8:      gammafunk_sealed_arena, layout_basic, hangedman_abyss_or_decor_passed
Temple:   hellmonk_temple_two_chambers

Skill      XL: |  1  2  3  4  5  6  7  8  9 |
---------------+----------------------------+-----
Axes           | 2 3 4 5 6 7 9 |  9.3
Stealth        | 1 |  1.0
Fighting       | 4 5 6 |  6.5
Armour         | 4 5 6 |  6.7
Shields        | 4 5 |  5.6
Evocations     | 1 3 4 |  4.7

Action                     |  1- 3 |  4- 6 |  7- 9 | 10-12 || total
---------------------------+-------+-------+-------+-------++-------
  Melee: War axe           |    95 |   157 |   340 |    35 ||   627
    Use: Potion            |       |     1 |     1 |     1 ||     3
         Scroll            |       |    10 |    13 |     2 ||    25
 Armour: Scale mail        |    88 |    82 |   226 |     4 ||   400
         Chain mail        |       |       |       |    33 ||    33
  Dodge: Dodged            |    67 |    70 |   181 |    18 ||   336
  Block: Buckler           |    33 |    30 |   115 |    19 ||   197

Table legend: (Time is in decaauts)
 A = Elapsed time spent in this place.
 B = Non-inter-level travel time spent in this place.
 C = Inter-level travel time spent in this place.
 D = Time resting spent in this place.
 E = Time spent auto-exploring this place.
 F = Levels seen in this place.
 G = Mean time per level.
                   A        B        C        D        E       F      G
               +--------+--------+--------+--------+--------+-----+--------+
         Total |   9601 |   9422 |    179 |   2083 |   5304 |  11 |  872.8 |
       Dungeon |   8100 |   7921 |    179 |   1949 |   4537 |   8 | 1012.5 |
        Temple |     35 |     35 |      0 |      0 |     10 |   1 |   35.0 |
         Sewer |    984 |    984 |      0 |      0 |    576 |   1 |  984.0 |
       Ossuary |    481 |    481 |      0 |    134 |    181 |   1 |  481.0 |
               +--------+--------+--------+--------+--------+-----+--------+

Top non-repeatable levels by time:
     D:7: 1909 daAuts
     D:8: 1205 daAuts
     D:2: 1064 daAuts
     D:6: 994 daAuts
   Sewer: 984 daAuts
     D:4: 849 daAuts
     D:3: 847 daAuts
     D:5: 758 daAuts
 Ossuary: 481 daAuts
     D:1: 471 daAuts
  Temple: 35 daAuts
